 Dungeon Crawl Stone Soup version 0.24-a0-515-gbe7f5e2e8d (webtiles) character file.

Game seed: 5004588452170280290

4113 Greboboi the Grappler (level 10, -1/94 HPs)
             Began as a Troll Berserker on July 21, 2019.
             Was an Elder of Trog.
             Slain by an ogre
             ... wielding a +0 giant spiked club
              (24 damage)
             ... on level 8 of the Dungeon.
             The game lasted 00:32:16 (6380 turns).

Greboboi the Grappler (Troll Berserker)             Turns: 6380, Time: 00:32:16

Health: -1/94      AC: 11    Str: 30    XL:     10   Next: 6%
Magic:  9/9        EV: 17    Int:  3    God:    Trog [****..]
Gold:   414        SH:  0    Dex:  9    Spells: 9/9 levels left

rFire    . . .     SeeInvis +     - Unarmed
rCold    . . .     Gourm    +   (no shield)
rNeg     . . .     Faith    .   w - +0 acid dragon scales
rPois    .         Spirit   .   (helmet restricted)
rElec    .         Reflect  .   y - +0 cloak
rCorr    +         Harm     .   (gloves unavailable)
MR       ++...                  (boots unavailable)
Stlth    +.........             (no amulet)
HPRegen  1.65/turn              n - +6 ring of evasion
MPRegen  0.11/turn              h - ring of see invisible

@: about to teleport, regenerating
A: large, unfitting armour, claws 3, fast metabolism 3, gourmand, regeneration
1, shaggy fur 1, tough skin 3
a: Berserk, Trog's Hand, Brothers in Arms, Renounce Religion


You were on level 8 of the Dungeon.
You worshipped Trog.
Trog was greatly pleased with you.
You were very full.

You visited 1 branch of the dungeon, and saw 9 of its levels.
You also visited: Sewer.

You collected 414 gold pieces.

Inventory:

Armour
 m - a +2 robe of magic resistance
 w - +0 acid dragon scales (worn)
 y - a +0 cloak (worn)
Jewellery
 h - a ring of see invisible (right claw)
 n - a +6 ring of evasion (left claw)
 q - a +4 ring of intelligence {unknown}
 v - an uncursed ring of flight
Wands
 A - a wand of digging (4)
Scrolls
 a - a scroll of enchant weapon {unknown}
 e - a scroll of noise
 f - 2 scrolls of teleportation
 j - a scroll of magic mapping
 z - a scroll of acquirement {unknown}
 B - a scroll of fog {unknown}
 D - a scroll of remove curse
Potions
 c - 3 potions of haste {unknown}
 d - 8 potions of heal wounds
 g - 11 potions of curing
 i - 3 potions of might {unknown}
 k - a potion of degeneration {unknown}
 l - a potion of magic {unknown}
 o - a potion of invisibility {unknown}
 p - 2 potions of agility
 r - a potion of resistance {unknown}
 s - a potion of cancellation {unknown}
 t - 2 potions of flight {unknown}
 u - 3 potions of brilliance
 x - a potion of berserk rage {unknown}
 C - a potion of ambrosia {unknown}
 E - a potion of lignification {unknown}
Comestibles
 b - 14 rations


   Skills:
 * Level 4.8 Fighting
 + Level 2.1 Armour
 + Level 5.6 Dodging
 - Level 1.0 Stealth
 + Level 11.9 Unarmed Combat


You had 9 spell levels left.
You didn't know any spells.
Your spell library contained the following spells:

 Spells                   Type           Power        Failure   Level  Hunger
 Animate Skeleton         Necr           N/A          58%         1    ##.....
 Apportation              Tloc           #.....       58%         1    ##.....
 Confusing Touch          Hex            #.....       58%         1    ##.....
 Summon Small Mammal      Summ           #...         58%         1    ##.....


Dungeon Overview and Level Annotations

Branches:
Dungeon (9/15)             Temple (0/1) D:7            Lair (0/6) D:8
    Orc: D:9-12

Altars:
Ashenzari
Cheibriados
Dithmenos
Gozag
Makhleb
Qazlal
Ru
Trog
Uskayaw
Wu Jian
Xom
The Shining One

Shops:
D:4 }


Innate Abilities, Weirdness & Mutations

You are too large for most types of armour.
You have claws for hands.
Your metabolism is lightning-fast.
You like to eat raw meat.
Your natural rate of healing is unusually fast.
You are covered in fur. (AC +1)
You have extremely tough skin. (AC +3)


Message History

The seven-headed hydra bites you but does no damage.
You fail to use your ability.
The seven-headed hydra bites you!
The seven-headed hydra closely misses you.
The seven-headed hydra barely misses you.
The seven-headed hydra bites you but does no damage. x3
The seven-headed hydra bites you.
The ogre hits you with a +0 giant spiked club!!
* * * LOW HITPOINT WARNING * * *
As you read the scroll of teleportation, it crumbles to dust.
You feel strangely unstable. The seven-headed hydra misses you.
The seven-headed hydra bites you.
* * * LOW HITPOINT WARNING * * *
The seven-headed hydra barely misses you.
The seven-headed hydra bites you but does no damage.
The seven-headed hydra barely misses you.
The seven-headed hydra bites you.
* * * LOW HITPOINT WARNING * * *
The seven-headed hydra bites you but does no damage.
The ogre hits you with a +0 giant spiked club!!
You die...

##.#####.##.......>..##.#
#..............##.##.##.##
#..#####.##...###........#
##..#####.###.##
#.##.##..# ##.......>.#
### #.##.....#
#......##### #.##.#...##
##...#.# #######
#.##....... ##.##.#
#.O...# #.......### ####.#
#.@...# ######.## # #.#
#D....# #.# #.####.....#
######## #.##.......#
#.....#. #.##...#.###
#.....'. #........#
#_....'. ###........#
#.....'. ####..........##
#.....#.
#####.......#......####
########


You could see a seven-headed hydra and an ogre.

Vanquished Creatures
  Prince Ribbit (D:5)
  A hippogriff (D:7)
  Sigmund (D:6)
  Menkaure (D:7)
  Duvessa (D:5)
  3 orc warriors
  3 sky beasts
  An ogre (D:6)
  A phantom (D:5)
  3 centaurs
  2 big kobolds
  Blork the orc (D:6)
  5 bullfrogs
  Dowan (D:5)
  A water moccasin zombie (D:8)
  A scorpion (D:8)
  3 wights (D:7)
  2 centaur zombies
  5 crimson imps
  A quasit (D:8)
  A jelly (D:6)
  A bullfrog zombie (D:6)
  A hound (D:8)
  An orc priest (D:4)
  7 orc wizards
  2 bullfrog skeletons (D:5)
  2 centaur skeletons
  An iguana (D:8)
  Crazy Yiuf (D:3)
  8 worker ants
  A hound skeleton (D:7)
  A hound zombie (D:5)
  A mummy (D:8)
  11 gnolls
  13 adders
  2 howler monkey skeletons (D:4)
  6 river rats (Sewer)
  5 shadow imps
  An adder skeleton (D:8)
  4 worms
  3 dart slugs
  8 leopard geckos
  31 orcs
  5 ball pythons
  3 bats
  12 giant cockroaches
  5 goblins
  6 hobgoblins
  10 jackals
  4 quokkas
  9 frilled lizards
  2 jackal skeletons
  A jackal zombie (D:6)
  38 kobolds
  3 quokka skeletons
  26 rats
  A bush (D:4)
275 creatures vanquished.

Vanquished Creatures (collateral kills)
  A wyvern zombie (D:8)
  A killer bee (D:8)
  An orc priest (D:6)
  An orc wizard (D:6)
  An adder (D:8)
  3 orcs
8 creatures vanquished.

Grand Total: 283 creatures vanquished

Notes
Turn   | Place    | Note
-------+----------+-------------------------------------------
     0 | D:1      | Greboboi the Troll Berserker began the quest for the Orb.
     0 | D:1      | Reached XP level 1. HP: 22/22 MP: 0/0
   132 | D:1      | Reached XP level 2. HP: 29/29 MP: 1/1
   385 | D:1      | Reached XP level 3. HP: 35/36 MP: 2/2
   769 | D:2      | Found a faded altar of an unknown god.
   950 | D:2      | Reached ** piety under Trog
   959 | D:2      | Reached skill level 4 in Unarmed Combat
   961 | D:2      | Reached XP level 4. HP: 44/44 MP: 3/3
  1100 | D:2      | Found a bloodstained altar of Trog.
  1353 | D:3      | Found a stormy altar of Qazlal.
  1364 | D:3      | Reached XP level 5. HP: 17/50 MP: 4/4
  1417 | D:3      | Found a sacrificial altar of Ru.
  1673 | D:3      | Found a runed translucent door.
  1674 | D:3      | Noticed Crazy Yiuf
  1706 | D:3      | Reached skill level 5 in Unarmed Combat
  1826 | D:3      | Found a glowing drain.
  1833 | Sewer    | Entered a sewer
  1964 | Sewer    | Reached *** piety under Trog
  1964 | Sewer    | Reached XP level 6. HP: 59/59 MP: 5/5
  2540 | D:3      | Paralysed by Crazy Yiuf for 2 turns
  2546 | D:3      | Killed Crazy Yiuf
  2546 | D:3      | Reached skill level 6 in Unarmed Combat
  2717 | D:4      | Reached **** piety under Trog
  2732 | D:4      | Reached XP level 7. HP: 45/67 MP: 6/6
  2740 | D:4      | Found an opulent altar of Gozag.
  2845 | D:4      | Found Ithyid's Gadget Shop.
  3517 | D:5      | Entered Level 5 of the Dungeon
  3620 | D:5      | Noticed Prince Ribbit
  3642 | D:5      | Reached skill level 5 in Dodging
  3642 | D:5      | Reached skill level 7 in Unarmed Combat
  3670 | D:5      | Killed Prince Ribbit
  3670 | D:5      | Reached XP level 8. HP: 60/75 MP: 7/7
  3677 | D:5      | Found a burning altar of Makhleb.
  3683 | D:5      | Noticed Duvessa
  3692 | D:5      | Noticed Dowan
  3693 | D:5      | Killed Duvessa
  3693 | D:5      | Reached skill level 8 in Unarmed Combat
  3708 | D:5      | Killed Dowan
  3784 | D:5      | Found a shattered altar of Ashenzari.
  4091 | D:6      | Reached skill level 9 in Unarmed Combat
  4176 | D:6      | Found a shimmering altar of Xom.
  4247 | D:6      | Reached skill level 10 in Unarmed Combat
  4274 | D:6      | Noticed Sigmund
  4286 | D:6      | Killed Sigmund
  4286 | D:6      | Reached XP level 9. HP: 84/84 MP: 8/8
  4541 | D:6      | Reached skill level 1 in Stealth
  4645 | D:6      | Noticed Blork the orc
  4649 | D:6      | Killed Blork the orc
  4920 | D:7      | Noticed Menkaure
  4935 | D:7      | Killed Menkaure
  4940 | D:7      | Reached skill level 11 in Unarmed Combat
  4972 | D:7      | Found an ornate altar of the Wu Jian Council.
  5227 | D:7      | Found a hide-covered altar of Uskayaw.
  5310 | D:7      | Found a staircase to the Ecumenical Temple.
  5316 | D:7      | Reached skill level 1 in Armour
  5516 | D:7      | Found a shadowy altar of Dithmenos.
  5538 | D:7      | Found a glowing golden altar of the Shining One.
  5853 | D:8      | Reached XP level 10. HP: 94/94 MP: 9/9
  6193 | D:8      | Found a staircase to the Lair.
  6229 | D:8      | Found a snail-covered altar of Cheibriados.
  6300 | D:8      | Noticed a six-headed hydra
  6380 | D:8      | Slain by an ogre

Levels and vault maps discovered:
D:1:      dpeg_arrival_fog, layout_loops_ring, patterned_corridor
D:2:      layout_rooms, lightli_temple_of_fire, chequers_ecumenical_altar_island
D:3:      layout_loops_ring, grunt_qazlal_clouds, overflow_temple_1_default,
          gup_sewer_entry_bubbles, serial_glass, glass_columns_a,
          glass_columns_a, glass_columns_c, glass_columns_a, glass_columns_a,
          glass_columns_a, item_on_display_a, item_on_display_a,
          uniq_crazy_yiuf_cottage
D:4:      layout_loops_cross, kennysheep_mini, serial_shops, nicolae_shop_trees,
          kennysheep_nub, nicolae_zen_rock_garden, minmay_hedge_maze
D:5:      layout_basic, ashenzari_altar_1, first_ration,
          minmay_misc_feat_diagonals, bloody_makhleb, uniq_prince_ribbit1,
          uniq_duvessa
D:6:      layout_basic, overflow_temple_1_default, uniq_sigmund,
          uniq_blork_the_orc
D:7:      layout_basic, kennysheep_mini_moat, tso_oasis_becter,
          lemuel_crystal_altar, temple_green, basic_altar, uniq_menkaure
D:8:      minmay_the_grid_octo_2x2 [minmay_the_grid_octo_horde,
          minmay_the_grid_octo_pinwheel, minmay_the_grid_octo_toaster,
          minmay_the_grid_octo_prize_single_spiral], layout_loops_cross,
          slow_altar_2, the_bakery
D:9:      layout_basic, overflow_temple_1_default, orc_david_3, serial_shops,
          nicolae_shop_crystal, minmay_st_funbox, minmay_protected_statue

Skill      XL: |  1  2  3  4  5  6  7  8  9 |
---------------+----------------------------+-----
Unarmed Combat | 4 5 6 7 10 11 | 11.9
Dodging        | 3 4 5 |  5.6
Fighting       | 3 4 |  4.8
Stealth        | 1 |  1.0
Armour         | 2 |  2.1

Action                   |  1- 3 |  4- 6 |  7- 9 | 10-12 || total
-------------------------+-------+-------+-------+-------++-------
Melee: Unarmed           |   108 |   221 |   322 |    18 ||   669
       Punch             |     1 |     6 |    12 |     1 ||    20
Invok: Berserk           |     2 |     5 |     8 |       ||    15
       Trog's Hand       |       |     2 |     6 |     1 ||     9
       Brothers in Arms  |       |       |     2 |       ||     2
  Use: Scroll            |       |     7 |     5 |     1 ||    13
 Stab: Sleeping          |       |       |     1 |       ||     1
  Eat: Chunk             |    15 |    24 |    37 |     5 ||    81
Armor: Animal skin       |    54 |    87 |    20 |       ||   161
       Robe              |       |       |    10 |       ||    10
       Acid dragon scale |       |       |    38 |    22 ||    60
Dodge: Dodged            |    50 |   128 |   190 |    27 ||   395

Table legend:
 A = Non-vault XP
 B = Vault XP
 C = Vault XP percentage of total XP
 D = Non-vault monster count
 E = Vault monster count
 F = Vault count percentage of total count
                 A         B        C        D         E       F
            +---------+---------+-------+---------+---------+-------
      Total |    4283 |    1594 |  27.1 |     213 |      69 |  24.5
            +---------+---------+-------+---------+---------+-------
        D:1 |      49 |       0 |   0.0 |      27 |       0 |   0.0
        D:2 |      91 |       0 |   0.0 |      23 |       0 |   0.0
        D:3 |     162 |      60 |  27.0 |      26 |       6 |  18.8
        D:4 |     411 |       0 |   0.0 |      35 |       0 |   0.0
        D:5 |     486 |     502 |  50.8 |      15 |       3 |  16.7
        D:6 |    1101 |     316 |  22.3 |      39 |       2 |   4.9
        D:7 |    1090 |     169 |  13.4 |      16 |       1 |   5.9
        D:8 |     893 |     188 |  17.4 |      32 |       8 |  20.0
        D:9 |       0 |      88 | 100.0 |       0 |       1 | 100.0
      Sewer |       0 |     271 | 100.0 |       0 |      48 | 100.0
            +---------+---------+-------+---------+---------+-------
